 Dungeon Crawl Stone Soup version 0.25-a0-424-g80bd347ae0 (webtiles) character file.

Game seed: 15827611314758947792, levelgen mode: deterministic

4025 ChaosChampion the Covert (level 10, 0/65 HPs)
             Began as an Octopode Transmuter on Jan 21, 2020.
             Was an Elder of Cheibriados.
             Slain by a two-headed ogre
             ... wielding a +0 giant spiked club
              (17 damage)
             ... on level 10 of the Dungeon.
             The game lasted 00:37:39 (8979 turns).

ChaosChampion the Covert (Octopode Transmuter)      Turns: 8979, Time: 00:37:40

Health: 0/65       AC:  2    Str: 29    XL:     10   Next: 24%
Magic:  6/17       EV: 26    Int: 28    God:    Cheibriados [****..]
Gold:   490        SH:  0    Dex: 33    Spells: 4/19 levels left

rFire    . . .     SeeInvis .     - Unarmed
rCold    . . .     Gourm    .   (shield currently unavailable)
rNeg     . . .     Faith    +   (helmet currently unavailable)
rPois    x         Spirit   .   L - amulet of faith
rElec    .         Reflect  .   k - +5 ring of dexterity
rCorr    +         Harm     .   h - +5 ring of strength
MR       .....     Rnd*Tele +   z - ring of resist corrosion
Stlth    +++++.....             (no ring)
HPRegen  0.20/turn              (no ring)
MPRegen  0.15/turn              (no ring)
                                (no ring)
                                (no ring)

@: mighty, spider-form, very slightly contaminated, very slow
A: tiny, almost no armour, stealthy swim, (amphibious), 8 rings, (constrict 8),
agile 1, teleportitis 1
a: End Transformation, Bend Time, Temporal Distortion, Slouch, Renounce Religion


You were on level 10 of the Dungeon.
You worshipped Cheibriados.
Cheibriados was greatly pleased with you.
You were very hungry.
You were a venomous arachnid creature.
You visited 2 branches of the dungeon, and saw 11 of its levels.

You collected 490 gold pieces.

Inventory:

Hand Weapons
 d - a +3 trident of protection
 o - a +0 short sword
 w - a +3 scimitar of freezing
 x - a +4 short sword of freezing
 B - a +4 quarterstaff of chaos
 I - a +0 triple sword
 J - a +2 vampiric long sword
Missiles
 a - 65 arrows
 i - 40 bolts (quivered)
Magical Staves
 v - an uncursed staff of wizardry (melded)
Jewellery
 e - an uncursed amulet of harm
 h - a +5 ring of strength (right front leg)
 k - a +5 ring of dexterity (left front leg)
 z - a ring of resist corrosion (on tentacle)
 L - an amulet of faith (around neck)
 M - a cursed ring of attention
Wands
 y - a wand of digging (5)
 H - a wand of paralysis (10)
 K - a wand of flame (37)
Scrolls
 g - 2 scrolls of teleportation
 r - 2 scrolls of amnesia
 D - a scroll of identify
 F - 3 scrolls of blinking
Potions
 f - a potion of agility
 j - 2 potions of might
 l - 2 potions of haste
 m - a potion of berserk rage
 n - 2 potions of lignification
 p - 2 potions of curing
 q - 2 potions of invisibility
 u - a potion of ambrosia
 A - a potion of cancellation {unknown}
 C - a potion of degeneration
Miscellaneous
 N - a crystal ball of energy
Comestibles
 c - 26 rations


   Skills:
 + Level 4.7 Fighting
 + Level 4.9 Dodging
 * Level 9.2 Stealth
 * Level 7.2 Unarmed Combat
 + Level 5.0 Spellcasting
 * Level 6.8 Transmutations
 + Level 4.0 Poison Magic


You had 4 spell levels left.
You knew the following spells:

 Your Spells              Type           Power        Failure   Level  Hunger
a - Beastly Appendage     Tmut           #####.       3%          1    None
b - Sticks to Snakes      Tmut           #####...     4%          2    None
c - Spider Form           Tmut/Pois      #####.....   9%          3    #......
d - Ice Form              Ice/Tmut       ####....     34%         4    ###....
e - Blade Hands           Tmut           #####.....   26%         5    #####..

Your spell library contained the following spells:

 Spells                   Type           Power        Failure   Level  Hunger


Dungeon Overview and Level Annotations

Branches:
Dungeon (10/15)            Temple (1/1) D:4            Lair (0/6) D:10
    Orc: D:9-12

Altars:
Ashenzari
Cheibriados
Dithmenos
Elyvilon
Fedhas
Gozag
Hepliaklqana
Kikubaaqudgha
Makhleb
Nemelex Xobeh
Okawaru
Qazlal
Ru
Sif Muna
Trog
Uskayaw
Vehumet
Wu Jian
Xom
Yredelemnul
Zin
The Shining One


Innate Abilities, Weirdness & Mutations

You cannot wear most types of armour.
You are very stealthy in the water. (Stealth+)
((You are amphibious.))
You can wear up to eight rings at the same time.
((You can use your tentacles to constrict eight enemies at once.))
((Your skin changes colour to match your surroundings (Stealth+).))
((Your rubbery body absorbs attacks. (AC +1, EV +1)))
((You have a beak for a mouth.))
You are agile. (Dex +2)
You are occasionally teleported next to monsters.


Message History

You bite the ice beast!
The ice beast looks as sick as possible!
The ice beast is severely wounded.
The ice beast completely misses you.
You bite the ice beast!
The ice beast is almost dead.
You kill the ice beast!
Cheibriados thoroughly appreciates the change of pace.
The hound zombie misses you.
You bite the hound zombie!
The hound zombie is heavily damaged.
The hound zombie closely misses you.
You bite the two-headed ogre!
The two-headed ogre looks as sick as possible!
The two-headed ogre is moderately wounded.
The hound zombie bites you.
* * * LOW HITPOINT WARNING * * *
The two-headed ogre completely misses you.
The two-headed ogre hits you with a +0 giant club!
You die...

#.....[.......###...
o..............##....
##.........))............
......§SS...#o>..........
......§..................
........................
#....#§...............#
.###...#§Z........###....
..o...)#sO§......## ....
.....§§§§§......# ..
#....§§§§§.......
##.....§§.......#.
###.....§....#
##.........# ##).......>
#......... #.......


You could see a two-headed ogre, an orc wizard and a hound zombie.

Vanquished Creatures
  A skeletal warrior (D:7)
  A sky beast (D:9)
  6 orc warriors
  An ice beast (D:10)
  3 phantoms
  5 ogres
  Blork the orc (D:5)
  2 bullfrogs
  A wyvern skeleton (D:8)
  2 scorpions
  2 water moccasin skeletons
  4 killer bees (D:10)
  9 wights (D:6)
  4 crimson imps
  A howler monkey (D:4)
  3 jellies
  A hound (D:7)
  2 bullfrog zombies
  2 orc priests
  A gnoll shaman (D:5)
  5 orc wizards
  Crazy Yiuf (D:7)
  A bullfrog skeleton (D:8)
  An iguana (D:8)
  6 worker ants
  A hound zombie (D:6)
  7 gnolls
  8 adders
  An ooze (D:3)
  2 adder zombies
  A worm (D:3)
  3 dart slugs
  6 leopard geckos
  31 orcs
  4 giant cockroaches
  4 goblins
  14 hobgoblins
  2 jackals (D:5)
  8 kobolds
  3 quokkas
  A ball python (D:3)
  7 bats
  6 frilled lizards
  9 rats
184 creatures vanquished.

Vanquished Creatures (collateral kills)
  A bullfrog (D:10)
  A crimson imp (D:8)
  A jelly (D:8)
  A gnoll (D:5)
  An adder skeleton (D:8)
  4 orcs
  A jackal (D:5)
10 creatures vanquished.

Grand Total: 194 creatures vanquished

Notes
Turn   | Place    | Note
-------+----------+-------------------------------------------
     0 | D:1      | ChaosChampion the Octopode Transmuter began the quest for
                  | the Orb.
     0 | D:1      | Reached XP level 1. HP: 13/13 MP: 3/3
    95 | D:1      | Reached skill level 1 in Stealth
   387 | D:1      | Reached XP level 2. HP: 18/18 MP: 5/5
   400 | D:1      | Learned a level 2 spell: Sticks to Snakes
   955 | D:1      | Reached XP level 3. HP: 9/23 MP: 6/6
  1205 | D:2      | Found a radiant altar of Vehumet.
  1318 | D:2      | Reached skill level 2 in Stealth
  1593 | D:2      | Reached XP level 4. HP: 25/28 MP: 7/7
  1598 | D:2      | Learned a level 3 spell: Spider Form
  1922 | D:3      | Reached skill level 3 in Stealth
  1922 | D:3      | Reached XP level 5. HP: 27/34 MP: 4/8
  2194 | D:3      | Found a burning altar of Makhleb.
  2333 | D:3      | Gained mutation: Your magical capacity is low. (-10% MP)
                  | [potion of mutation]
  2333 | D:3      | Gained mutation: You have a pair of small antennae on your
                  | head. [potion of mutation]
  2333 | D:3      | Gained mutation: You are occasionally teleported next to
                  | monsters. [potion of mutation]
  2333 | D:3      | Gained mutation: You are robust. (+10% HP) [potion of
                  | mutation]
  2461 | D:4      | Noticed an ogre
  2470 | D:4      | Killed an ogre
  2470 | D:4      | Reached XP level 6. HP: 42/42 MP: 0/8
  2491 | D:4      | Found a hide-covered altar of Uskayaw.
  2725 | D:4      | Reached skill level 4 in Stealth
  2740 | D:4      | Found a staircase to the Ecumenical Temple.
  2762 | Temple   | Entered the Ecumenical Temple
  2876 | Temple   | Became a worshipper of Cheibriados the Contemplative
  2961 | D:4      | Reached XP level 7. HP: 29/49 MP: 1/10
  3770 | D:5      | Entered Level 5 of the Dungeon
  3794 | D:5      | Reached skill level 5 in Stealth
  3850 | D:5      | Noticed Blork the orc
  3860 | D:5      | Killed Blork the orc
  4032 | D:5      | Reached * piety under Cheibriados
  4101 | D:5      | Found a hazy altar of Hepliaklqana.
  4115 | D:5      | Found a stormy altar of Qazlal.
  4155 | D:5      | Found a bloodstained altar of Trog.
  4385 | D:6      | Reached skill level 5 in Unarmed Combat
  4392 | D:6      | Found an iron altar of Okawaru.
  4410 | D:6      | Reached XP level 8. HP: 48/57 MP: 11/11
  4480 | D:6      | Reached skill level 6 in Stealth
  4510 | D:6      | Reached skill level 1 in Poison Magic
  4874 | D:6      | Found a glowing golden altar of the Shining One.
  4907 | D:6      | Reached skill level 5 in Transmutations
  5380 | D:7      | Reached ** piety under Cheibriados
  5490 | D:7      | Found a runed translucent door.
  5491 | D:7      | Noticed Crazy Yiuf
  5505 | D:7      | Killed Crazy Yiuf
  5509 | D:7      | Lost mutation: You are robust. (+10% HP) [potion of
                  | mutation]
  5509 | D:7      | Lost mutation: You have a pair of small antennae on your
                  | head. [potion of mutation]
  5509 | D:7      | Lost mutation: Your magical capacity is low. (-10% MP)
                  | [potion of mutation]
  5509 | D:7      | Gained mutation: You have a beak for a mouth. [potion of
                  | mutation]
  5509 | D:7      | Gained mutation: You are agile. (Dex +2) [potion of
                  | mutation]
  5630 | D:7      | Noticed a skeletal warrior
  5630 | D:7      | Noticed a skeletal warrior
  5665 | D:7      | Learned a level 4 spell: Ice Form
  5855 | D:7      | Found a white marble altar of Elyvilon.
  5947 | D:7      | Killed a skeletal warrior
  5947 | D:7      | Reached skill level 7 in Stealth
  5947 | D:7      | Reached XP level 9. HP: 58/58 MP: 10/15
  5972 | D:7      | Noticed a skeletal warrior
  6523 | D:7      | Learned a level 5 spell: Blade Hands
  6949 | D:8      | Reached skill level 8 in Stealth
  7565 | D:8      | Reached *** piety under Cheibriados
  8322 | D:9      | Reached XP level 10. HP: 65/65 MP: 12/17
  8387 | D:9      | Found a sacrificial altar of Ru.
  8387 | D:9      | Found an opulent altar of Gozag.
  8390 | D:9      | Found an ornate altar of the Wu Jian Council.
  8392 | D:9      | Found an ancient bone altar of Kikubaaqudgha.
  8573 | D:9      | Reached skill level 9 in Stealth
  8573 | D:9      | Reached skill level 5 in Spellcasting
  8885 | D:10     | Entered Level 10 of the Dungeon
  8938 | D:10     | Found a staircase to the Lair.
  8958 | D:10     | Reached **** piety under Cheibriados
  8976 | D:10     | Noticed a two-headed ogre
  8979 | D:10     | Slain by a two-headed ogre

Levels and vault maps discovered:
D:1:      mainiacjoe_arrival_reflecting_pool, layout_loops_ring
D:2:      layout_loops_ring, vehumet_crystals, minmay_misc_feat_pillars
D:3:      layout_rooms, makhleb_grotto_becter, first_ration, serial_curves,
          eino_curves_04, eino_curves_01, due_unseen_surprise
D:4:      layout_layer_cave, nicolae_overflow_crystal_walls,
          minmay_temple_entry_ruins, st_stairs_3
D:5:      layout_rooms, kennysheep_mini, grunt_qazlal_sundering,
          kennysheep_mini_moat, uniq_blork_the_orc
D:6:      layout_loops_ring, lemuel_round_altar, okawaru_ov_weapons_minmay,
          minivault_11
D:7:      layout_loops_ring, lemuel_coloured_pillars_altar, grunt_ogre_cave,
          uniq_crazy_yiuf_cottage
D:8:      wad_pebble_path, layout_basic
D:9:      layout_stronghold, minitemple
D:10:     layout_cave_pools, lair_entry_dummy
Temple:   nicolae_temple_figure_zero

Skill      XL: |  1  2  3  4  5  6  7  8  9 10 |
---------------+-------------------------------+-----
Stealth        | 1 2 3 4 5 7 8 9 |  9.2
Transmutations | 3 4 5 6 |  6.8
Fighting       | 2 3 4 |  4.7
Unarmed Combat | 4 5 6 7 |  7.2
Dodging        | 3 4 |  4.9
Spellcasting   | 3 4 5 |  5.0
Poison Magic   | 2 3 4 |  4.0

Action                   |  1- 3 |  4- 6 |  7- 9 | 10-12 || total
-------------------------+-------+-------+-------+-------++-------
Melee: Unarmed           |    98 |   115 |   230 |    34 ||   477
       Constrict         |    29 |    23 |    30 |     4 ||    86
       Tentacles         |    17 |    17 |    38 |     2 ||    74
       Kick              |     3 |    14 |    24 |       ||    41
       Punch             |     1 |     2 |    10 |       ||    13
       Staff             |       |       |    28 |       ||    28
       Peck              |       |       |    17 |     4 ||    21
       Short sword       |       |       |     2 |       ||     2
 Cast: Beastly Appendage |     7 |     9 |    18 |       ||    34
       Spider Form       |       |     4 |    19 |     2 ||    25
       Sticks to Snakes  |       |     6 |    32 |     7 ||    45
       Ice Form          |       |       |     6 |       ||     6
       Blade Hands       |       |       |     5 |     5 ||    10
Invok: Bend Time         |       |       |     1 |       ||     1
  Use: Scroll            |       |     6 |    13 |    11 ||    30
       Potion            |       |     1 |     2 |     2 ||     5
 Stab: Sleeping          |     9 |     8 |    17 |     1 ||    35
       Distracted        |     1 |       |     3 |       ||     4
  Eat: Chunk             |     2 |     5 |     9 |     2 ||    18
       Ration            |       |       |     2 |       ||     2
Armor: Skin              |     9 |     7 |     6 |       ||    22
Dodge: Dodged            |    60 |    61 |   166 |    43 ||   330

Table legend:
 A = Non-vault XP
 B = Vault XP
 C = Vault XP percentage of total XP
 D = Non-vault monster count
 E = Vault monster count
 F = Vault count percentage of total count
                 A         B        C        D         E       F
            +---------+---------+-------+---------+---------+-------
      Total |    5391 |     360 |   6.3 |     189 |       5 |   2.6
            +---------+---------+-------+---------+---------+-------
        D:1 |      41 |       0 |   0.0 |      24 |       0 |   0.0
        D:2 |      84 |       0 |   0.0 |      20 |       0 |   0.0
        D:3 |      99 |      52 |  34.4 |      25 |       1 |   3.8
        D:4 |     439 |      67 |  13.2 |      15 |       1 |   6.2
        D:5 |     220 |      82 |  27.2 |      14 |       1 |   6.7
        D:6 |     889 |       0 |   0.0 |      19 |       0 |   0.0
        D:7 |     984 |     159 |  13.9 |      12 |       2 |  14.3
        D:8 |     871 |       0 |   0.0 |      25 |       0 |   0.0
        D:9 |    1188 |       0 |   0.0 |      23 |       0 |   0.0
       D:10 |     576 |       0 |   0.0 |      12 |       0 |   0.0
            +---------+---------+-------+---------+---------+-------
